 Dungeon Crawl Stone Soup version 0.24.0-123-gd5b16e6ec5 (webtiles) character file.

Game seed: 6310337756813374376, levelgen mode: deterministic

191 Leggsy7533 the Stinger (level 5, -1/28 HPs)
             Began as a Gargoyle Venom Mage on Jan 17, 2020.
             Was an Initiate of Cheibriados.
             Slain by a mummy (7 damage)
             ... on level 4 of the Dungeon.
             The game lasted 00:22:46 (2958 turns).

Leggsy7533 the Stinger (Gargoyle Venom Mage)        Turns: 2958, Time: 00:22:47

Health: -1/28      AC: 12    Str: 12    XL:     5   Next: 70%
Magic:  7/10       EV:  9    Int: 18    God:    Cheibriados [......]
Gold:   155        SH:  0    Dex: 11    Spells: 0/10 levels left

rFire    . . .     SeeInvis .   y - +1 flail (protect)
rCold    . . .     Gourm    .   (no shield)
rNeg     + . .     Faith    .   q - +0 scale mail
rPois    ∞         Spirit   .   s - +0 helmet
rElec    +         Reflect  .   i - +0 cloak
rCorr    .         Harm     .   (no gloves)
MR       .....                  (no boots)
Stlth    +.........             (no amulet)
HPRegen  0.09/turn              (no ring)
MPRegen  0.12/turn              (no ring)

@: very slightly contaminated, very slow
A: negative energy resistance 1, electricity resistance, unbreathing,
petrification resistance, rot immunity, AC +4
a: Bend Time, Renounce Religion


You were on level 4 of the Dungeon.
You worshipped Cheibriados.
Cheibriados was noncommittal.
You were not hungry.

You visited 1 branch of the dungeon, and saw 4 of its levels.
You also visited: Ossuary.

You collected 155 gold pieces.

Inventory:

Hand Weapons
 k - a +0 hand axe
 y - a +1 flail of protection (weapon)
Missiles
 f - 75 arrows
 g - 138 stones (quivered)
 A - 7 poisoned darts
Armour
 a - a +0 robe
 i - a +0 cloak (worn)
 q - a +0 scale mail (worn)
 s - a +0 helmet (worn)
 B - a +0 scale mail
Jewellery
 b - an uncursed ring of fire {unknown}
 n - a +4 amulet of reflection {unknown}
Scrolls
 d - a scroll of immolation {unknown}
 j - 2 scrolls of noise {unknown}
 p - 8 scrolls of identify {unknown}
 r - a scroll of amnesia {unknown}
 w - a scroll of blinking {unknown}
 x - a scroll of teleportation {unknown}
Potions
 e - 3 potions of cancellation
 h - a potion of flight {unknown}
Comestibles
 c - 4 rations


   Skills:
 + Level 0.9 Fighting
 + Level 1.4 Axes
 + Level 1.1 Armour
 + Level 2.1 Dodging
 + Level 2.2 Stealth
 * Level 3.3 Spellcasting
 + Level 1.4 Conjurations
 + Level 0.9 Air Magic
 * Level 3.9 Poison Magic


You couldn't memorise any spells.
You knew the following spells:

 Your Spells              Type           Power        Failure   Level  Hunger
a - Sting                 Conj/Pois      ##..         28%         1    None
b - Poisonous Vapours     Pois/Air       ##....       43%         2    ##.....
c - Olgreb's Toxic Radia  Pois           ###.....     86%         4    ####...
d - Mephitic Cloud        Conj/Pois/Air  ##......     71%         3    ###....

Your spell library contained the following spells:

 Spells                   Type           Power        Failure   Level  Hunger
 Venom Bolt               Conj/Pois      ##........   100%        5    ######.


Dungeon Overview and Level Annotations

Branches:
Dungeon (4/15)            Ossuary (visited)
 Temple: D:4-7

Altars:
Cheibriados
Okawaru
Wu Jian


Innate Abilities, Weirdness & Mutations

You are resistant to torment.
Your stone body is resilient. (AC +4)
You are immune to poison.
You resist negative energy. (rN+)
You are resistant to electric shocks. (rElec)
You can survive without breathing.
You are immune to petrification.
You are immune to rotting.


Message History

Casting: Poisonous Vapours (safe; 43% risk of failure)
Confirm with . or Enter, or press ? or * to list all spells.
The spell is very dangerous to cast (86% risk of failure)!
Continue anyway?
You miscast Olgreb's Toxic Radiance.
You are very lightly contaminated with residual magic.
You feel mildly nauseous. The mummy closely misses you.
The mummy hits you but does no damage.
You sock the mummy!
The mummy is almost destroyed.
The mummy hits you but does no damage. The mummy closely misses you.
You sock the mummy!
The mummy is heavily damaged.
The mummy closely misses you.
You barely miss the mummy.
The mummy is heavily damaged.
The mummy hits you.
* * * LOW HITPOINT WARNING * * *
The mummy barely misses you. The mummy hits you!
You die...

.# #.# .# #.# #.#
.# #.# ..# .# #.#
#.# .# #.# # #.# .#
#.# #.# #. #.#
.###<# #.# #.##.#
.....# #.# #....##
########.######.@.#
................MM#
.#####......#.#...#
.######....#...#..#
..........(...(...#
##########........#
#.#..##..#
#......[.#
###......#


You could see 2 mummies.

Vanquished Creatures
  A hound (D:3)
  An orc wizard (D:3)
  6 adders
  2 worms (D:3)
  A dart slug (D:1)
  7 leopard geckos
  7 orcs (D:3)
  7 bats
  2 giant cockroaches
  4 goblins
  9 hobgoblins
  6 kobolds
  6 frilled lizards
  8 rats
67 creatures vanquished.

Notes
Turn   | Place    | Note
-------+----------+-------------------------------------------
     0 | D:1      | Leggsy7533 the Gargoyle Venom Mage began the quest for the
                  | Orb.
     0 | D:1      | Reached XP level 1. HP: 10/10 MP: 3/3
   153 | D:1      | Reached XP level 2. HP: 11/15 MP: 0/5
   324 | D:1      | Learned a level 2 spell: Poisonous Vapours
   965 | D:2      | Reached XP level 3. HP: 19/19 MP: 0/6
  1009 | D:2      | Found a snail-covered altar of Cheibriados.
  1434 | D:2      | Reached XP level 4. HP: 24/24 MP: 3/8
  1479 | D:2      | Learned a level 4 spell: Olgreb's Toxic Radiance
  1643 | D:3      | Found an iron altar of Okawaru.
  1991 | D:3      | Reached skill level 1 in Axes
  2216 | D:3      | Reached XP level 5. HP: 23/28 MP: 0/9
  2324 | D:3      | Reached skill level 1 in Armour
  2391 | D:3      | HP: 1/42 [worm (4)]
  2866 | D:2      | Became a worshipper of Cheibriados the Contemplative
  2883 | D:3      | Learned a level 3 spell: Mephitic Cloud
  2907 | D:4      | Found an ornate altar of the Wu Jian Council.
  2920 | D:4      | Found a sand-covered staircase.
  2932 | Ossuary  | Entered an ossuary
  2958 | D:4      | Slain by a mummy

Levels and vault maps discovered:
D:1:      evilmike_arrival_plus, layout_basic, minmay_pentomino_o4
D:2:      layout_rooms, nicolae_overflow_hidden_temple, first_ration
D:3:      minmay_razor_zed, layout_basic, okawaru_trees_2
D:4:      layout_loops_ring, lemuel_crystal_altar, nicolae_ossuary_entry_ruins,
          minivault_23

Skill      XL: |  1  2  3  4  5 |
---------------+----------------+-----
Axes           | 1 |  1.4
Dodging        | 2 |  2.1
Spellcasting   | 3 |  3.3
Armour         | 1 |  1.1
Fighting       | |  0.9
Stealth        | |  2.2
Conjurations   | |  1.4
Air Magic      | |  0.9
Poison Magic   | |  3.9

Action                   |  1- 3 |  4- 6 || total
-------------------------+-------+-------++-------
Melee: Unarmed           |    12 |       ||    12
       Hand axe          |    58 |   112 ||   170
       Dagger            |     5 |       ||     5
       Flail             |       |    11 ||    11
Throw: Stone             |       |     2 ||     2
 Cast: Sting             |    16 |    28 ||    44
       Poisonous Vapours |    17 |     7 ||    24
       Olgreb's Toxic Ra |       |     1 ||     1
  Use: Potion            |       |     6 ||     6
  Eat: Chunk             |     2 |       ||     2
       Ration            |     1 |     2 ||     3
Armor: Robe              |    13 |       ||    13
       Scale mail        |    52 |   120 ||   172
       Skin              |       |     2 ||     2
Dodge: Dodged            |    60 |    82 ||   142
